 Dungeon Crawl Stone Soup version 0.28-a0-1396-gdcb3f3653b (webtiles) character file.

Game seed: 17173006350683462779

294 Deminshera the Vexing (level 6, -3/33 HPs)
             Began as a Deep Elf Arcane Marksman on Jan 5, 2022.
             Slain by Natasha (7 damage)
             ... on level 2 of the Dungeon.
             The game lasted 00:07:24 (5164 turns).

Deminshera the Vexing (Deep Elf Arcane Marksman)    Turns: 5164, Time: 00:07:24

Health: -3/33      AC:  3    Str:  7    XL:     6   Next: 11%
Magic:  12/12      EV: 12    Int: 20    God:
Gold:   45         SH:  0    Dex: 15    Spells: 3/11 levels left

rFire   . . .      SeeInvis .   g - +0 dagger
rCold   . . .      Faith    .   (no shield)
rNeg    . . .      Spirit   .   d - +0 robe
rPois   .          Reflect  .   (no helmet)
rElec   .          Harm     .   (no cloak)
rCorr   .          Rampage  .   (no gloves)
Will    .....                   f - +0 pair of boots
Stlth   ++........              (no amulet)
HPRegen 0.11/turn               (no ring)
MPRegen 0.13/turn               (no ring)

@: slowed, very slow
A: no striking features
a: no special abilities


You were on level 2 of the Dungeon.
You visited 1 branch of the dungeon, and saw 2 of its levels.

You collected 45 gold pieces.

Inventory:

Hand Weapons
 a - a +0 shortbow
 g - a +0 dagger (weapon)
Armour
 d - a +0 robe (worn)
 f - a +0 pair of boots (worn)
Jewellery
 h - an amulet of faith
Scrolls
 b - a scroll of fog {unknown}
 e - a scroll of magic mapping
 i - a scroll of teleportation {unknown}


   Skills:
 - Level 0.7 Fighting
 + Level 5.0 Bows
 + Level 2.4 Dodging
 - Level 2.0 Stealth
 + Level 3.0 Spellcasting
 + Level 6.0 Hexes
 - Level 3.0 Fire Magic


You had 3 spell levels left.
You knew the following spells:

 Your Spells              Type           Power      Damage    Failure   Level
a - Slow                  Hex            100%       N/A       1%          1
b - Inner Flame           Hex/Fire       21%        N/A       7%          3
c - Cause Fear            Hex            13%        N/A       12%         4

Your spell library contained the following spells:

 Spells                   Type           Power      Damage    Failure   Level
 Portal Projectile        Hex/Tloc       30%        N/A       12%         3
 Summon Guardian Golem    Hex/Summ       15%        N/A       12%         3
 Orb of Destruction       Conj           1%         N/A       100%        7
 Spellforged Servitor     Conj/Summ      1%         N/A       100%        7


Dungeon Overview and Level Annotations

Branches:
Dungeon (2/15)

Altars:

Annotations:
D:2 Natasha


Message History

You are too injured to fight recklessly!
You are too injured to fight recklessly!
Natasha stares at you and mumbles some strange words.
You feel as though you will be slow longer.
Fire: arrow
Press: ? - help, Q - select action, (/) - cycle Shift-Dir - straight line, f/p - Natasha
Aim: Natasha (heavily wounded, slow, 53% to hit)
You shoot an arrow. The arrow hits Natasha.
Natasha is severely wounded.
Natasha stares at you and mumbles some strange words.
You resist with some effort.
g - a +0 dagger (weapon)
You hit Natasha but do no damage.
Natasha is severely wounded.
Natasha barely misses you.
You barely miss Natasha.
Natasha is severely wounded.
Natasha barely misses you.
You closely miss Natasha.
Natasha is severely wounded.
Natasha closely misses you.
You barely miss Natasha.
Natasha is severely wounded.
Natasha claws you.
You hit Natasha but do no damage.
Natasha is severely wounded.
Natasha casts a spell at you. The magic dart hits you.
* * * LOW HITPOINT WARNING * * *
You closely miss Natasha.
Natasha is severely wounded.
Natasha barely misses you.
You barely miss Natasha.
Natasha is severely wounded.
Natasha claws you.
* * * LOW HITPOINT WARNING * * *
You hit Natasha but do no damage.
Natasha is severely wounded.
Natasha claws you!
You die...

.#......##..#...........#.h#...#.
.###.#.###..#.##...#....#........
## #........#.##...##.#.####..###
,* #.########.##...##.#....5rh#
,* #.# #......###.######5### ,*
#.# #..##### #..........# ,* #.#
#..#######..###.#.#.#* ,**#.#
#.......##..###.#.....
,,,..#*****#....@h(((..<.(.#.#.##
,******,,....#.....###.##..#.#.#*
** *,*#**,♣...≈..##.##.....,#* *
*,*,,....≈≈≈≈..........##*
*,*,#...♣♣≈≈♣..####.####
*,,.....,≈≈♣≈.## #.#
*,*##..*♣≈≈≈≈.# **#.#**** *,*
#..≈≈≈≈≈..# *,...,,,* *,*
**,,≈≈≈,,,* *,**,,,,*


You could see Natasha (slow).

Vanquished Creatures
  Sigmund (D:2)
  Natasha (twice) (D:2)
  3 adders (D:2)
  A worm (D:2)
  4 endoplasms
  A giant cockroach (D:2)
  A goblin (D:2)
  8 hobgoblins
  4 jackals (D:2)
  3 kobolds
  3 quokkas
  3 ball pythons
  4 bats
  2 frilled lizards (D:1)
  7 rats
47 creatures vanquished.

Vanquished Creatures (others)
  9 plants (D:2)
9 creatures vanquished.

Grand Total: 56 creatures vanquished

Notes
Turn   | Place    | Note
-------+----------+-------------------------------------------
     0 | D:1      | Deminshera the Deep Elf Arcane Marksman began the quest for
                  | the Orb.
     0 | D:1      | Reached XP level 1. HP: 11/11 MP: 5/5
   488 | D:1      | Reached XP level 2. HP: 16/16 MP: 7/7
   985 | D:2      | Reached XP level 3. HP: 20/20 MP: 9/9
  1325 | D:2      | Noticed Natasha
  1376 | D:1      | Learned a level 3 spell: Inner Flame
  1882 | D:2      | Killed Natasha
  1883 | D:2      | Reached skill level 5 in Hexes
  2008 | D:2      | Noticed Natasha
  2014 | D:2      | Killed Natasha
  2015 | D:2      | Reached skill level 1 in Fire Magic
  2015 | D:2      | Reached XP level 4. HP: 17/24 MP: 2/10
  2028 | D:2      | Noticed Natasha
  2337 | D:2      | Noticed Sigmund
  3123 | D:2      | Killed Sigmund
  3124 | D:2      | Reached skill level 5 in Bows
  3124 | D:2      | Reached skill level 6 in Hexes
  3124 | D:2      | Reached skill level 1 in Stealth
  3124 | D:2      | Reached XP level 5. HP: 12/28 MP: 9/11
  3266 | D:2      | Reached XP level 6. HP: 5/33 MP: 12/12
  4602 | D:2      | Learned a level 4 spell: Cause Fear
  4747 | D:2      | HP: 1/33 [white imp/puff of frost[Natasha] (5)]
  5164 | D:2      | Slain by Natasha

Illustrated notes

Levels and vault maps discovered:
D:1:      dpeg_arrival_snail, layout_loops_ring
D:2:      layout_loops_cross, serial_bayou_pond_a, minmay_pentomino_t4,
          uniq_natasha, uniq_sigmund

Skill      XL: |  1  2  3  4  5  6 |
---------------+-------------------+-----
Spellcasting   | 2 3 |  3.0
Bows           | 3 5 |  5.0
Hexes          | 5 6 |  6.0
Fire Magic     | 1 3 |  3.0
Stealth        | 1 2 |  2.0
Fighting       | |  0.7
Dodging        | |  2.4

Action                   |  1- 3 |  4- 6 || total
-------------------------+-------+-------++-------
Melee: Dagger            |     8 |    64 ||    72
 Fire: Shortbow          |    88 |    57 ||   145
 Cast: Inner Flame       |     3 |     2 ||     5
       Slow              |     2 |    10 ||    12
  Use: Scroll            |       |     2 ||     2
 Stab: Sleeping          |       |     1 ||     1
Armor: Robe              |     5 |    19 ||    24
Dodge: Dodged            |    22 |    72 ||    94

Table legend: (Time is in decaauts)
 A = Elapsed time spent in this place.
 B = Non-inter-level travel time spent in this place.
 C = Inter-level travel time spent in this place.
 D = Time resting spent in this place.
 E = Time spent auto-exploring this place.
 F = Levels seen in this place.
 G = Mean time per level.
                   A        B        C        D        E       F      G
               +--------+--------+--------+--------+--------+-----+--------+
         Total |   5191 |   5073 |    118 |   3196 |   1054 |   2 | 2595.5 |
       Dungeon |   5191 |   5073 |    118 |   3196 |   1054 |   2 | 2595.5 |
               +--------+--------+--------+--------+--------+-----+--------+

Top non-repeatable levels by time:
     D:2: 2897 daAuts
     D:1: 2294 daAuts
